 Dungeon Crawl Stone Soup version 0.17.1-3-g152610e (webtiles) character file.

62425 jacquesderrida the Martial Artist (level 14, 10/114 HPs)
             Began as a Demonspawn Summoner on Apr 24, 2016.
             Was a High Priest of Ashenzari.
             Quit the game on level 4 of the Swamp.
             The game lasted 01:57:27 (14899 turns).

jacquesderrida the Martial Artist (DsSu)           Turns: 14899, Time: 01:57:28

Health: 10/114     AC: 24    Str: 11    XL:     14   Next: 64%
Magic:  2/35       EV: 27    Int: 22    God:    Ashenzari [*****.]
Gold:   1424       SH:  0    Dex: 21    Spells: 8 memorised, 7 levels left

rFire  . . .     SeeInvis +       - Unarmed
rCold  . . .     Clarity  +     e - +0 swamp dragon armour (curse)
rNeg   . . .     SustAt   .     (no shield)
rPois  +         Gourm    .     C - +0 hat {SInv} (curse)
rElec  .         Spirit   +     g - +2 cloak (curse)
rCorr  .         Warding  .     (gloves unavailable)
rMut   +         Stasis   .     i - +1 pair of boots (curse)
MR     +....                    d - amulet of resist mutation
Stlth  +++.......               u - +5 ring of intelligence
                                f - ring of magical power (curse)

@: agile, somewhat resistant to hostile enchantments, fairly stealthy
A: claws 3, iridescent scales 3, robust 1, magic shield, magic regeneration
a: Scrying, Transfer Knowledge, Renounce Religion


You were on level 4 of the Swamp.
You worshipped Ashenzari.
Ashenzari was extremely pleased with you.
You were near starving.

You visited 6 branches of the dungeon, and saw 33 of its levels.
You also visited: Bailey, Ice Cave and Volcano.

You collected 1970 gold pieces.
You spent 546 gold pieces at shops.

Inventory:

Hand Weapons
 c - the +7 battleaxe of Doom {chop, Dex+2}
   (You found it on level 8 of the Lair of Beasts)

   It inflicts extra damage upon your enemies.
   It affects your dexterity (+2).
 q - a +5 blowgun
 F - a +5 scimitar of flaming
Missiles
 m - 2 throwing nets (quivered)
 y - 6 curare-tipped needles
Armour
 e - a cursed +0 swamp dragon armour (worn)
 g - a cursed +2 cloak (worn)
 i - a cursed +1 pair of boots (worn)
 C - a cursed +0 hat of see invisible (worn)
 I - a +2 robe of the Archmagi
 L - a troll hide
 T - a +0 leather armour of magic resistance
 U - a +3 leather armour of fire resistance
Jewellery
 d - an amulet of resist mutation (around neck)
 f - a cursed ring of magical power (left claw)
 o - an uncursed ring of flight
 u - a +5 ring of intelligence (right claw)
 v - an uncursed ring of protection from fire
Wands
 k - a wand of disintegration (18)
 n - a wand of magic darts (30)
 t - a wand of disintegration (6)
 w - a wand of confusion (30)
 J - a wand of teleportation (6)
 K - a wand of draining (4)
Scrolls
 b - a scroll of silence {unknown}
 p - a scroll of remove curse
 z - 3 scrolls of fog
 B - 7 scrolls of teleportation
 E - 2 scrolls of immolation
 N - 4 scrolls of enchant weapon
 O - 2 scrolls of noise {unknown}
 P - 7 scrolls of magic mapping
 Q - a scroll of torment {unknown}
 S - 4 scrolls of recharging
 Y - 2 scrolls of curse jewellery
 Z - a scroll of fear
Potions
 h - 3 potions of cancellation
 r - a potion of haste
 s - 6 potions of flight
 x - 3 potions of curing
 D - 3 potions of brilliance
 G - a potion of berserk rage
 M - a potion of magic
 R - a potion of ambrosia
 V - 3 potions of might
 W - 2 potions of resistance
Comestibles
 l - 13 meat rations
 H - 6 bread rations


   Skills:
 - Level 7.8 Fighting
 + Level 7.7(11.7) Armour
 - Level 11.0(14.7) Dodging
 - Level 1.7 Stealth
 - Level 12.7 Unarmed Combat
 - Level 8.0 Spellcasting
 - Level 12.5 Summonings
 - Level 3.0 Ice Magic


You had 7 spell levels left.
You knew the following spells:

 Your Spells              Type           Power        Failure   Level  Hunger
b - Summon Ice Beast      Ice/Summ       #####...     8%          4    ###....
c - Call Canine Familiar  Summ           ######..     1%          3    None
d - Summon Guardian Gole  Hex/Summ       #####...     3%          3    None
e - Summon Lightning Spi  Summ/Air       #####...     12%         4    ###....
f - Apportation           Tloc           #.........   14%         1    None
g - Call Imp              Summ           ######..     1%          2    None
o - Ozocubu's Armour      Chrm/Ice       ###.....     24%         3    None
B - Blink                 Tloc           N/A          21%         2    None


Dungeon Overview and Level Annotations

Branches:
Dungeon (15/15)            Temple (1/1) D:5            Lair (8/8) D:8
  Swamp (4/4) Lair:5        Slime (0/6) Lair:8          Orc (4/4) D:12
    Elf (1/3) Orc:4
  Snake: Lair:3-6    Spider: Lair:3-6    Vaults: D:13-14     Depths: D:15

Altars:
Ashenzari
Dithmenos
Elyvilon
Fedhas
Gozag
Kikubaaqudgha
Makhleb
Nemelex Xobeh
Okawaru
Qazlal
Sif Muna
Trog
Vehumet
Xom
Yredelemnul
Zin
The Shining One
Beogh
Jiyva

Shops:
D:6 !   D:9 (   Orc:3 ?   Orc:4 }!(%

Portals:
Pandemonium: Orc:4

Annotations:
D:3 jacquesderrida's ghost, amateur DsSu


Innate Abilities, Weirdness & Mutations

You have claws for hands.
You are completely covered in iridescent scales (AC +8).
You are robust (+10% HP).
When hurt, damage is shared between your health and your magic reserves.
You regenerate magic rapidly.


Message History

Your ice beast freezes the vampire mosquito.
The vampire mosquito is destroyed!
The vampire mosquito bites you but does no damage.
The vampire mosquito bites your ice beast!
Your ice beast dies!
You claw the vampire mosquito!
The vampire mosquito is moderately damaged.
The vampire mosquito closely misses you.
Unknown command.
You closely miss the vampire mosquito. Your claw misses the vampire mosquito.
The vampire mosquito is moderately damaged.
The vampire mosquito bites you but does no damage.
The vampire mosquito completely misses you.
The vampire mosquito closely misses you.
Unknown command.
Drink which item? (? for menu, Esc to quit)
Okay, then.
There are monsters nearby!
Enter note: IDI NA HOOOOOOOOOOOOI Are you sure you want to abandon this character and quit the game? (Confirm with "yes".)

♣♣♣♣♣♣ ♣♣♣≈..≈♣♣
♣≈≈≈≈≈≈.♣♣ ♣♣.≈≈≈≈≈≈≈
♣♣♣ ♣♣.≈≈≈§<. ♣♣@♣♣
♣.≈≈≈≈≈≈≈ ♣≈yy♣♣♣♣
♣♣.≈≈≈≈≈≈≈
♣♣♣♣♣.y.§♣♣♣..≈≈≈♣♣≈≈
♣♣♣♣♣♣≈≈≈≈...y≈≈≈≈♣♣≈≈
♣♣♣♣♣♣≈≈≈≈≈≈≈≈.≈≈≈..≈≈
♣♣♣♣♣♣♣.≈≈≈≈.≈≈♣≈§≈..≈≈
♣♣♣♣♣≈.≈≈≈≈÷÷♣##♣♣§≈≈.≈
♣♣♣♣♣≈≈≈...≈♣####*♣♣...
♣♣♣♣♣♣♣..≈.♣##### *♣≈.


You could see 3 vampire mosquitoes.

Vanquished Creatures
  4 hydras
  A centaur warrior (D:14)
  3 death yaks
  A spriggan druid (Swamp:3)
  10 swamp dragons
  A hill giant (D:14)
  A necromancer (IceCv)
  An orc knight (Bailey)
  2 orc sorcerers (Orc:3)
  A hornet (Swamp:4)
  An elephant (Lair:5)
  2 kobold demonologists
  4 spiny frogs
  A fire drake (Lair:7)
  A two-headed ogre (Orc:4)
  6 slime creatures
  2 bog bodies (Swamp:3)
  3 blink frogs (Lair:6)
  2 hungry ghosts
  2 hippogriffs
  A deep elf mage (Elf:1)
  A shadow (D:14)
  A vampire mosquito (Lair:5)
  A wyvern (D:12)
  16 yaks
  A mottled dragon (Bailey)
  7 wolves
  3 insubstantial wisps (Swamp:1)
  3 swamp worms
  7 water moccasins
  2 swamp drakes (Swamp:3)
  3 porcupines
  3 wasps
  4 ice beasts
  11 orc warriors
  A black bear (D:6)
  2 crocodiles
  A sky beast (D:6)
  2 ogres
  3 phantoms
  4 necrophages
  8 centaurs
  A big kobold (D:10)
  A brain worm (D:10)
  10 giant frogs
  22 orc priests
  4 wights (D:11)
  2 crimson imps
  9 orc wizards
  8 hounds
  2 giant frog skeletons
  2 jellies
  2 worker ants
  9 iguanas
  A wolf simulacrum (IceCv)
  2 sheep
  A hound skeleton (D:8)
  2 gnolls (Bailey)
  21 river rats
  3 adders
  6 white imps
  A shadow imp (D:7)
  A worm (D:2)
  69 orcs
  2 giant cockroaches
  6 hobgoblins
  2 quokkas (D:7)
  2 bats (D:3)
  A giant gecko (D:6)
  10 goblins
  3 kobolds
  4 rats
343 creatures vanquished.

Vanquished Creatures (collateral kills)
  Frances (D:13)
  8 hydras
  Erica (D:8)
  An ogre mage (Volcano)
  Erolcha (D:10)
  3 catoblepae (Lair:8)
  7 alligators
  17 death yaks
  An orc high priest (Bailey)
  Sonja (D:10)
  2 unseen horrors
  5 swamp dragons
  An orc knight (Orc:4)
  5 hill giants
  An ugly thing (D:12)
  12 slime creatures
  3 black mambas
  A centaur zombie (D:14)
  4 elephants (Lair:5)
  5 spiny frogs
  An orange demon (Orc:4)
  A gargoyle (D:10)
  A fire drake (Lair:8)
  A hellwing (Orc:4)
  6 trolls
  4 giant leeches
  10 freezing wraiths (IceCv)
  2 two-headed ogres (Volcano)
  A wind drake (Bailey)
  3 bog bodies
  2 boulder beetles
  2 spriggans (Swamp:3)
  A blink frog (Lair:6)
  2 trapdoor spiders
  2 basilisks
  3 deep elf magi
  27 yaks
  3 deep elf fighters (Elf:1)
  6 vampire mosquitoes
  Grum (D:11)
  A death yak simulacrum (IceCv)
  3 hippogriffs
  2 hungry ghosts (D:8)
  A swamp worm (Swamp:1)
  14 wolves
  The ghost of jacquesderrida the Caller, an amateur DsSu (D:5)
  An insubstantial wisp (Swamp:1)
  7 porcupines
  4 water moccasins
  A sky beast (D:14)
  15 orc warriors
  4 swamp drakes (Swamp:4)
  7 ice beasts
  2 phantoms
  11 crocodiles
  4 ogres
  3 necrophages (Lair:2)
  3 wasps (Swamp:3)
  2 centaurs (D:14)
  8 giant frogs
  A wyvern skeleton (D:10)
  A swamp dragon simulacrum (IceCv)
  2 water moccasin skeletons
  3 killer bees (D:11)
  A wight (D:11)
  3 electric eels
  8 orc wizards
  2 crimson imps (D:8)
  4 draconian simulacra (IceCv)
  18 orc priests
  2 centaur skeletons
  Jessica (D:2)
  A giant frog skeleton (D:7)
  4 iguanas
  A polar bear simulacrum (IceCv)
  6 hounds
  2 spriggan simulacra (IceCv)
  5 troll simulacra (IceCv)
  3 worker ants
  4 sheep
  3 centaur simulacra (IceCv)
  A hound skeleton (D:4)
  2 naga simulacra (IceCv)
  6 adders
  8 gnolls
  4 ogre simulacra (IceCv)
  34 river rats
  A shadow imp (D:8)
  18 white imps
  3 worms
  3 giant geckos
  75 orcs
  4 bats
  4 giant cockroaches
  7 hobgoblins
  3 jackals (D:6)
  5 kobolds
  A giant gecko zombie (D:7)
  2 giant newts (D:2)
  11 goblins
  2 quokkas
  3 rats
  A fungus (Lair:6)
526 creatures vanquished.

Vanquished Creatures (others)
  A spiny frog (Swamp:3)
  A spriggan (Swamp:3)
  An orc warrior (D:12)
  2 orc priests (D:6)
  3 fungi
  A plant (Lair:8)
9 creatures vanquished.

Grand Total: 878 creatures vanquished

Notes
Turn   | Place    | Note
--------------------------------------------------------------
     0 | D:1      | jacquesderrida the Demonspawn Summoner began the quest for the Orb.
     0 | D:1      | Reached XP level 1. HP: 13/13 MP: 3/3
   338 | D:1      | Gained mutation: You are partially covered in iridescent scales (AC +4). [demonic ancestry]
   338 | D:1      | Reached XP level 2. HP: 8/19 MP: 0/5
   388 | D:1      | Learned a level 2 spell: Call Imp
   475 | D:2      | Noticed Jessica
   496 | D:2      | Killed Jessica
   496 | D:2      | Reached skill level 5 in Summonings
   496 | D:2      | Reached XP level 3. HP: 11/24 MP: 2/6
   530 | D:2      | Learned a level 3 spell: Call Canine Familiar
   755 | D:3      | Gained mutation: When hurt, damage is shared between your health and your magic reserves. [demonic ancestry]
   755 | D:3      | Reached XP level 4. HP: 23/30 MP: 3/7
   997 | D:3      | Noticed jacquesderrida's ghost (amateur DsSu)
  1037 | D:4      | Found an iron altar of Okawaru.
  1109 | D:4      | Found a glowing silver altar of Zin.
  1206 | D:5      | Entered Level 5 of the Dungeon
  1331 | D:5      | Reached skill level 6 in Summonings
  1355 | D:5      | Reached XP level 5. HP: 35/35 MP: 8/8
  1403 | D:5      | Noticed jacquesderrida's ghost (amateur DsSu)
  1417 | D:6      | Reached skill level 1 in Fighting
  1468 | D:6      | Noticed an orc warrior
  1807 | D:7      | Noticed a necrophage
  1816 | D:7      | Killed a necrophage
  1816 | D:7      | Gained mutation: You regenerate magic rapidly. [demonic ancestry]
  1816 | D:7      | Reached XP level 6. HP: 44/46 MP: 9/9
  1824 | D:6      | Noticed a sky beast
  1858 | D:6      | Reached skill level 7 in Summonings
  1896 | D:6      | Killed a sky beast
  1913 | D:6      | Noticed a troll
  1942 | D:7      | Learned a level 3 spell: Summon Guardian Golem
  2047 | D:7      | Gained mutation: You have sharp fingernails. [demonic ancestry]
  2047 | D:7      | Reached XP level 7. HP: 47/52 MP: 10/10
  2144 | D:7      | Noticed a phantom
  2217 | D:7      | Reached skill level 1 in Unarmed Combat
  2248 | D:7      | Killed a phantom
  2359 | D:7      | Noticed a necrophage
  2368 | D:7      | Killed a necrophage
  2368 | D:7      | Reached skill level 8 in Summonings
  2608 | D:6      | Found Ithi Aph's Distillery.
  2618 | D:6      | Killed a troll
  2637 | D:6      | Bought a potion of curing for 42 gold pieces
  2837 | D:6      | Killed an orc warrior
  2837 | D:6      | Gained mutation: You are mostly covered in iridescent scales (AC +6). [demonic ancestry]
  2837 | D:6      | Reached XP level 8. HP: 59/59 MP: 11/11
  2879 | D:6      | Noticed a black bear
  2884 | D:6      | Killed a black bear
  2937 | D:5      | Killed jacquesderrida's ghost
  2952 | D:5      | Found a staircase to the Ecumenical Temple.
  2980 | Temple   | Entered the Ecumenical Temple
  2990 | Temple   | Became a worshipper of Ashenzari the Shackled
  3116 | D:8      | Reached skill level 9 in Summonings
  3122 | D:8      | Noticed a troll
  3132 | D:8      | Killed a troll
  3179 | D:8      | HP: 1/59 [something (3)]
  3180 | D:8      | Killed Erica
  3180 | D:8      | Reached skill level 5 in Unarmed Combat
  3312 | D:8      | Gained mutation: You have very sharp fingernails. [demonic ancestry]
  3312 | D:8      | Reached XP level 9. HP: 31/64 MP: 12/12
  3487 | D:8      | Found a staircase to the Lair.
  3643 | D:9      | Found Doexugor's Weapon Boutique.
  3651 | D:8      | Learned a level 4 spell: Summon Lightning Spire
  3708 | Lair:1   | Entered Level 1 of the Lair of Beasts
  3974 | Lair:1   | Noticed a spiny frog
  3993 | Lair:1   | Killed a spiny frog
  4018 | Lair:1   | Reached * piety under Ashenzari
  4031 | Lair:1   | Learned a level 2 spell: Blink
  4037 | Lair:1   | Learned a level 1 spell: Apportation
  4281 | Lair:2   | Identified the Incunabulum of Nocuous Transformation (You found it on level 2 of the Lair of Beasts)
  4287 | Lair:2   | Gained mutation: You have claws for hands. [demonic ancestry]
  4287 | Lair:2   | Reached XP level 10. HP: 67/70 MP: 17/17
  4340 | Lair:2   | Identified a scroll of acquirement
  4465 | Lair:3   | Reached skill level 5 in Dodging
  4502 | Lair:3   | Reached skill level 5 in Spellcasting
  4695 | Lair:3   | Noticed an eight-headed hydra
  4823 | Lair:4   | Reached ** piety under Ashenzari
  4862 | Lair:4   | Found a frozen archway.
  4909 | IceCv    | Entered an ice cave
  5462 | IceCv    | Found an ancient bone altar of Kikubaaqudgha.
  5693 | IceCv    | Learned a level 4 spell: Summon Ice Beast
  5706 | IceCv    | Noticed a necromancer
  5718 | IceCv    | Reached XP level 11. HP: 75/75 MP: 21/21
  5730 | IceCv    | Killed a necromancer
  6291 | Lair:6   | Noticed a death yak
  6294 | Lair:6   | Noticed a death yak
  6297 | Lair:6   | Noticed a death yak
  6297 | Lair:6   | Noticed a death yak
  6316 | Lair:6   | Noticed a death yak
  6318 | Lair:6   | Killed a death yak
  6344 | Lair:6   | Killed a death yak
  6361 | Lair:6   | Reached skill level 10 in Summonings
  6391 | Lair:6   | Killed a death yak
  6392 | Lair:6   | Killed a death yak
  6394 | Lair:6   | Killed a death yak
  6424 | Lair:6   | Reached skill level 10 in Unarmed Combat
  6579 | Lair:7   | Reached skill level 5 in Fighting
  6613 | Lair:7   | Noticed a death yak
  6628 | Lair:8   | Entered Level 8 of the Lair of Beasts
  6669 | Lair:8   | Identified the cursed +0 chain mail "Ife Qidu" {MR+}
  6672 | Lair:8   | Noticed a death yak
  6703 | Lair:8   | Noticed a death yak
  6768 | Lair:8   | Found a dark tunnel.
  6783 | Volcano  | Entered a volcano
  6806 | Volcano  | Noticed a hill giant
  6838 | Volcano  | Killed a hill giant
  6838 | Volcano  | Reached skill level 1 in Ice Magic
  6903 | Volcano  | Noticed a hill giant
  6903 | Volcano  | Noticed an ogre mage
  6911 | Volcano  | Killed a hill giant
  6960 | Volcano  | Killed an ogre mage
  7062 | Lair:8   | Noticed a death yak
  7062 | Lair:8   | Noticed a death yak
  7064 | Lair:8   | Noticed a death yak
  7091 | Lair:8   | Killed a death yak
  7094 | Lair:8   | Killed a death yak
  7094 | Lair:8   | Reached XP level 12. HP: 36/86 MP: 6/24
  7107 | Lair:8   | Killed a death yak
  7196 | Lair:8   | Found a viscous altar of Jiyva.
  7196 | Lair:8   | Found a staircase to the Slime Pits.
  7334 | Lair:8   | Noticed a death yak
  7347 | Lair:8   | Noticed a catoblepas
  7355 | Lair:8   | Killed a catoblepas
  7366 | Lair:8   | Noticed a death yak
  7366 | Lair:8   | Noticed a death yak
  7366 | Lair:8   | Noticed a death yak
  7382 | Lair:8   | Killed a death yak
  7396 | Lair:8   | Killed a death yak
  7423 | Lair:8   | Noticed a catoblepas
  7424 | Lair:8   | Noticed a death yak
  7430 | Lair:8   | Noticed a death yak
  7453 | Lair:8   | Killed a death yak
  7490 | Lair:8   | Killed a death yak
  7497 | Lair:8   | Killed a death yak
  7515 | Lair:8   | Killed a catoblepas
  7516 | Lair:8   | Noticed a death yak
  7524 | Lair:8   | Killed a death yak
  7539 | Lair:8   | Killed a death yak
  7627 | Lair:8   | Noticed a death yak
  7627 | Lair:8   | Noticed a death yak
  7627 | Lair:8   | Noticed a death yak
  7659 | Lair:8   | Killed a death yak
  7693 | Lair:8   | Killed a death yak
  7693 | Lair:8   | Reached skill level 11 in Summonings
  7742 | Lair:8   | Killed a death yak
  7768 | Lair:8   | Noticed a catoblepas
  7801 | Lair:8   | Killed a catoblepas
  7828 | Lair:8   | Got the battleaxe of Doom {chop, Dex+2}
  7830 | Lair:8   | Identified the +7 battleaxe of Doom {chop, Dex+2} (You found it on level 8 of the Lair of Beasts)
  7893 | Lair:8   | Noticed a death yak
  7893 | Lair:8   | Noticed a death yak
  7903 | Lair:8   | Killed a death yak
  7916 | Lair:8   | Killed a death yak
  7947 | Lair:8   | PIZDA
  8263 | Lair:1   | Learned a level 3 spell: Ozocubu's Armour
  8330 | D:9      | Reached *** piety under Ashenzari
  8459 | D:10     | Entered Level 10 of the Dungeon
  8617 | D:10     | Noticed Erolcha
  8631 | D:10     | Killed Erolcha
  8688 | D:10     | Noticed Sonja
  8776 | D:10     | Killed Sonja
  8883 | D:11     | Noticed Grum
  8892 | D:11     | Killed Grum
  8938 | D:11     | Identified the +3 robe "Quisel" {rC+ rCorr}
  9340 | D:12     | Gained mutation: You are completely covered in iridescent scales (AC +8). [demonic ancestry]
  9340 | D:12     | Reached XP level 13. HP: 78/93 MP: 25/25
  9397 | D:13     | Noticed Frances
  9427 | D:13     | Killed Frances
  9591 | D:14     | Found a flagged portal.
  9609 | Bailey   | Entered a bailey
  9656 | Bailey   | Found an iron altar of Okawaru.
  9714 | Bailey   | Reached skill level 12 in Summonings
  9938 | Bailey   | WHAT A PEACE OF SHEET
 10035 | Bailey   | AYYYYYYYY
 10061 | Bailey   | :FRANTIC:
 10080 | Bailey   | Got the cursed buckler of Amnuhor {Str+3}
 10086 | Bailey   | Identified the cursed -4 buckler of Amnuhor {Str+3} (You acquired it in a bailey)
 10090 | Bailey   | Identified the cursed +2 pair of boots "Guyfovut" {rF+ Str-3 Int+9 Slay-4} (You acquired it in a bailey)
 10157 | D:14     | POKOINIKI!!
 10341 | D:15     | Entered Level 15 of the Dungeon
 10344 | D:14     | NO THANKS MR. SKELETAL
 10429 | D:14     | Reached **** piety under Ashenzari
 10474 | D:15     | PLS MR. SKELETAL
 10579 | D:12     | Found a staircase to the Orcish Mines.
 10622 | D:12     | Found a roughly hewn altar of Beogh.
 10650 | Orc:1    | Entered Level 1 of the Orcish Mines
 10740 | Orc:1    | Reached skill level 10 in Dodging
 10781 | Orc:2    | Found a roughly hewn altar of Beogh.
 11064 | Orc:4    | Entered Level 4 of the Orcish Mines
 11093 | Orc:4    | ebbbbbbbat
 11194 | Orc:4    | PIZDA
 11194 | Orc:4    | Found Sedghuq's Gadget Emporium.
 11233 | Orc:4    | Found Keari's Distillery.
 11257 | Orc:4    | Found Goaforu's Food Boutique.
 11342 | Orc:4    | Bought a potion of heal wounds for 80 gold pieces
 11342 | Orc:4    | Bought a potion of heal wounds for 80 gold pieces
 11342 | Orc:4    | Bought a potion of degeneration for 16 gold pieces
 11354 | Orc:4    | Found Zacias's Antique Weapon Shoppe.
 11354 | Orc:4    | Found a one-way gate leading to the halls of Pandemonium.
 11363 | Orc:4    | Bought a potion of might for 64 gold pieces
 11363 | Orc:4    | Bought a potion of curing for 48 gold pieces
 11593 | Orc:3    | Found Qocoucsul's Magic Scroll Boutique.
 11616 | Orc:3    | Bought a scroll of recharging for 152 gold pieces
 11616 | Orc:3    | Bought a scroll of fog for 32 gold pieces
 11616 | Orc:3    | Bought a scroll of identify for 32 gold pieces
 11633 | Orc:3    | Found a shimmering altar of Xom.
 11802 | Orc:4    | Found a staircase to the Elven Halls.
 11818 | Elf:1    | Entered Level 1 of the Elven Halls
 11851 | Elf:1    | Noticed a deep elf sorcerer
 11913 | Elf:1    | SO LONG
 12808 | Lair:4   | Reached ***** piety under Ashenzari
 12876 | Lair:4   | Noticed a black mamba
 12886 | Lair:4   | Killed a black mamba
 13179 | Lair:5   | Found a staircase to the Swamp.
 13232 | Swamp:1  | Entered Level 1 of the Swamp
 13480 | Swamp:1  | Gained mutation: You are robust (+10% HP). [demonic ancestry]
 13480 | Swamp:1  | Reached XP level 14. HP: 59/113 MP: 26/26
 13518 | Swamp:1  | BLAYD
 13583 | Swamp:1  | DAYTE DRAKONA!!!
 14015 | Swamp:2  | Reached skill level 1 in Armour
 14212 | Swamp:4  | Entered Level 4 of the Swamp
 14246 | Swamp:4  | Noticed a thorn hunter
 14451 | Swamp:3  | Reached skill level 5 in Armour
 14899 | Swamp:4  | IDI NA HOOOOOOOOOOOOI
 14899 | Swamp:4  | Quit the game

Action                   |  1- 3 |  4- 6 |  7- 9 | 10-12 | 13-15 || total
-------------------------+-------+-------+-------+-------+-------++-------
Melee: Spear             |    63 |    11 |       |       |       ||    74
       Dagger            |       |    31 |   163 |    15 |       ||   209
       Unarmed           |       |       |       |   396 |   843 ||  1239
       Scimitar          |       |       |       |       |    17 ||    17
 Fire: Hunting sling     |       |    28 |       |       |       ||    28
 Cast: Summon Small Mamm |    21 |       |       |       |     1 ||    22
       Call Imp          |     8 |     8 |     4 |     2 |       ||    22
       Call Canine Famil |     4 |    14 |    21 |    46 |    26 ||   111
       Summon Guardian G |       |     1 |     2 |     4 |    11 ||    18
       Summon Lightning  |       |       |     4 |    97 |    29 ||   130
       Summon Ice Beast  |       |       |       |    46 |   142 ||   188
Invok: Scrying           |       |       |       |     2 |     5 ||     7
Evoke: Wand              |       |     8 |     5 |     6 |       ||    19
  Use: Scroll            |       |     5 |    13 |    12 |    16 ||    46
       Potion            |       |       |     1 |     3 |    10 ||    14
 Stab: Sleeping          |     5 |     2 |     2 |     4 |    13 ||    26
       Distracted        |       |       |     6 |     8 |    16 ||    30
       Betrayed ally     |       |       |     2 |       |       ||     2
       Paralysed         |       |       |       |     1 |       ||     1
       Petrifying        |       |       |       |     1 |       ||     1
       Petrified         |       |       |       |     1 |       ||     1
  Eat: Chunk             |     1 |     1 |    11 |    11 |    15 ||    39
       Fruit             |       |     3 |       |       |    10 ||    13
       Royal jelly       |       |     1 |     1 |     3 |       ||     5
       Bread ration      |       |       |       |     2 |       ||     2
       Meat ration       |       |       |       |     1 |       ||     1
       Beef jerky        |       |       |       |     3 |     6 ||     9
       Pizza             |       |       |       |     2 |     1 ||     3
